 Dungeon Crawl Stone Soup version 0.31.0-11-ge490571c62 (webtiles) character file.

Game seed: 4549555235768906516

4384191 freelancePsychic the Hand of Fortune (level 26, 288/288 (289) HPs)
             Began as a Demonspawn Wanderer on Feb 2, 2024.
             Was the Champion of Nemelex Xobeh.
             Escaped with the Orb
             ... and 6 runes
             ... and 1 gem!
             The game lasted 02:23:08 (67205 turns).

freelancePsychic the Hand of Fortune (DsWn)        Turns: 67205, Time: 02:23:08

HP:   288/288 (289) AC: 26    Str: 12      XL:     26   Next: 66%
MP:   40/40         EV: 31    Int: 20      God:    Nemelex Xobeh [******]
Gold: 4934          SH:  9    Dex: 24 (25) Spells: 29/33 levels left

rFire   + . .        f - +9 quick blade (elec)
rCold   + + +        (no shield)
rNeg    . . .        p - +2 steam dragon scales "Zoisukh" {+Inv rC++ rCorr Str-2}
rPois   +            W - +0 mask of the Dragon {Will+ Slay+3 SInv}
rElec   .            X - +2 cloak {rF+}
rCorr   +            (gloves unavailable)
SInv    +            C - +0 pair of boots of Ronniuj {Will+ Regen+ Str+4 Stlth-}
Will    +++..        t - amulet of Hediud Wuxu {Reflect rC+ SH+5}
Stlth   ++           J - +4 ring of slaying
HPRegen 1.48/turn    A - ring of Optimism {rCorr Int+5 Dex+4 SInv}
MPRegen 0.27/turn

%: reflection, clarity
@: lightly drained
A: slimy green scales 3, icemail 2, robust 3, spiny 3, condensation shield,
demonic touch 3, clarity, deterioration 2, weak 2, subdued magic 2, MP-powered
wands
0: Orb of Zot
}: 6/15 runes: decaying, slimy, silver, abyssal, glowing, gossamer
a: Renounce Religion, Evoke Invisibility, Draw Escape, Draw Destruction, Draw
Summoning, Draw Stack, Triple Draw, Deal Four, Stack Five


You escaped.
You worshipped Nemelex Xobeh.
Nemelex Xobeh was exalted by your worship.
You visited 11 branches of the dungeon, and saw 55 of its levels.
You visited Pandemonium 1 time, and saw 6 of its levels.
You visited the Abyss 2 times.
You visited 1 bazaar.
You also visited: Bailey, Ice Cave and Volcano.

You collected 8194 gold pieces.
You spent 3260 gold pieces at shops.

Inventory:

Hand Weapons
 f - a +9 quick blade of electrocution (weapon)
Missiles
 L - 3 throwing nets
Armour
 p - the +2 steam dragon scales "Zoisukh" (worn) {+Inv rC++ rCorr Str-2}
   (You bought it in a shop on level 8 of the Dungeon)

   Str-2:     It affects your strength (-2).
   rC++:      It greatly protects you from cold.
   +Inv:      It lets you turn invisible.
   rCorr:     It protects you from acid and corrosion.
 C - the +0 pair of boots of Ronniuj (worn) {Will+ Regen+ Str+4 Stlth-}
   (You found it on level 5 of the Pits of Slime)

   Str+4:     It affects your strength (+4).
   Will+:     It increases your willpower.
   Regen+:    It increases your rate of health regeneration.
   Stlth-:    It makes you less stealthy.
 W - the +0 mask of the Dragon (worn) {Will+ Slay+3 SInv}
   (You found it on level 4 of the Spider Nest)

   Slay+3:    It affects your accuracy & damage with ranged weapons and melee
   (+3).
   Will+:     It increases your willpower.
   SInv:      It lets you see invisible.
 X - a +2 cloak of fire resistance (worn)
Jewellery
 t - the amulet of Hediud Wuxu (around neck) {Reflect rC+ SH+5}
   (You found it on level 5 of the Vaults)

   [amulet of reflection]

   Reflect:   It reflects blocked missile attacks.
   rC+:       It protects you from cold.
   SH+5:      It affects your SH (+5).
 A - the ring of Optimism (right hand) {rCorr Int+5 Dex+4 SInv}
   (You found it on level 4 of the Dungeon)

   [ring of see invisible]

   Int+5:     It affects your intelligence (+5).
   Dex+4:     It affects your dexterity (+4).
   SInv:      It lets you see invisible.
   rCorr:     It protects you from acid and corrosion.
 J - a +4 ring of slaying (left hand)
 S - a ring of protection from cold
 Z - a ring of protection from fire
Talismans
 a - a granite talisman
 U - a talisman of death
Wands
 b - a wand of flame (65)
 w - a wand of digging (19)
 H - a wand of mindburst (36)
 I - a wand of roots (53)
 O - a wand of acid (26)
 T - a wand of charming (57)
Scrolls
 c - 8 scrolls of fog
 g - 12 scrolls of amnesia
 h - 9 scrolls of blinking
 i - 12 scrolls of fear
 n - 14 scrolls of teleportation {@r4}
 B - 3 scrolls of immolation
 D - 7 scrolls of poison
 E - 9 scrolls of enchant armour
 K - 6 scrolls of silence
 M - 5 scrolls of summoning
 R - 4 scrolls of vulnerability
 V - 4 scrolls of noise
 Y - 3 scrolls of torment
Potions
 d - 3 potions of cancellation
 e - 2 potions of resistance
 j - 10 potions of haste {@q3}
 l - 9 potions of ambrosia
 o - 5 potions of attraction
 q - 18 potions of curing {@q1}
 s - 12 potions of magic
 x - 3 potions of might
 z - 7 potions of invisibility
 F - 12 potions of brilliance
 G - 7 potions of enlightenment
 N - 3 potions of heal wounds {@q2}
 P - 9 potions of lignification
 Q - 5 potions of berserk rage
Miscellaneous
 r - a phantom mirror
 u - a sack of spiders
 v - a tin of tremorstones (2/2)
 y - a lightning rod (4/4)


   Skills:
 + Level 21.6 Fighting
 - Level 13.8(14.0) Short Blades
 - Level 2.6(9.4) Long Blades
 - Level 0.7 Axes
 - Level 11.0 Armour
 + Level 21.3 Dodging
 - Level 9.0 Stealth
 - Level 4.0 Spellcasting
 - Level 3.8 Conjurations
 - Level 3.9 Air Magic
 - Level 3.4 Alchemy
 O Level 27 Invocations
 - Level 16.0 Evocations
 - Level 16.9 Shapeshifting


You had 29 spell levels left.
You knew the following spells:

 Your Spells              Type           Power      Damage    Failure   Level
a - Shock                 Conj/Air       48%        1d6       1%          1
b - Mephitic Cloud        Conj/Alch/Air  11%        N/A       5%          3

Your spell library contained the following spells:

 Spells                   Type           Power      Damage    Failure   Level
 Magic Dart               Conj           48%        1d5       1%          1
 Mercury Vapours          Alch/Air       22%        N/A       2%          2
 Foxfire                  Conj/Fire      28%        2x1d5     3%          1
 Cigotuvi's Dreadful Rot  Necr/Alch/Air  16%        N/A       4%          2
 Swiftness                Air            12%        N/A       4%          3
 Momentum Strike          Conj/Tloc      14%        3d8       5%          2
 Apportation              Tloc           4%         N/A       9%          1
 Freeze                   Ice            8%         1d3       9%          1
 Slow                     Hex            8%         N/A       9%          1
 Blink                    Tloc           4%         N/A       13%         2
 Call Imp                 Summ           4%         N/A       13%         2
 Ensorcelled Hibernation  Hex/Ice        4%         N/A       13%         2
 Jinxbite                 Hex            4%         N/A       13%         2
 Lesser Beckoning         Tloc           4%         N/A       13%         2
 Scorch                   Fire           4%         2d5       13%         2
 Sublimation of Blood     Necr           2%         N/A       13%         2
 Hailstorm                Conj/Ice       7%         3d5       13%         3
 Stone Arrow              Conj/Erth      14%        3d7       13%         3
 Olgreb's Toxic Radiance  Alch           11%        N/A       22%         4
 Confusing Touch          Hex            2%         N/A       28%         3
 Frozen Ramparts          Ice            4%         1d1       28%         3
 Fugue of the Fallen      Necr           2%         N/A       28%         3
 Inner Flame              Hex/Fire       2%         N/A       28%         3
 Ozocubu's Armour         Ice            2%         N/A       28%         3
 Passwall                 Erth           2%         N/A       28%         3
 Sigil of Binding         Hex            2%         N/A       28%         3
 Summon Ice Beast         Ice/Summ       2%         N/A       28%         3
 Vampiric Draining        Necr           2%         2d6       28%         3
 Volatile Blastmotes      Fire/Tloc      4%         2d10      28%         3
 Brom's Barrelling Bould  Conj/Erth      7%         2d3       43%         4
 Flame Wave               Conj/Fire      7%         2d5       43%         4
 Ignite Poison            Fire/Alch      6%         N/A       45%         4
 Leda's Liquefaction      Alch/Erth      3%         N/A       45%         4
 Petrify                  Alch/Erth      6%         N/A       45%         4
 Irradiate                Conj/Alch      5%         3d13      54%         5
 Alistair's Intoxication  Alch           7%         N/A       56%         5
 Anguish                  Hex/Necr       1%         N/A       69%         4
 Animate Armour           Summ/Erth      4%         N/A       69%         4
 Animate Dead             Necr           2%         N/A       69%         4
 Dispel Undead            Necr           2%         3d7       69%         4
 Manifold Assault         Tloc           2%         N/A       69%         4
 Martyr's Knell           Necr/Summ      2%         N/A       69%         4
 Summon Blazeheart Golem  Fire/Summ      2%         N/A       69%         4
 Freezing Cloud           Conj/Ice/Air   4%         6-21      69%         5
 Borgnjor's Vile Clutch   Necr/Erth      1%         N/A       96%         5
 Lee's Rapid Deconstruct  Erth           1%         3d4*      96%         5
 Summon Forest            Summ/Tloc      1%         N/A       96%         5
 Summon Mana Viper        Hex/Summ       2%         N/A       96%         5
 Eringya's Noxious Bog    Alch           5%         4d6       99%         6
 Bombard                  Conj/Erth      3%         9d1       100%        6
 Death Channel            Necr           1%         N/A       100%        6
 Dispersal                Tloc           1%         N/A       100%        6
 Plasma Beam              Fire/Air       3%         2x1d13    100%        6
 Sculpt Simulacrum        Ice/Alch       3%         N/A       100%        6
 Starburst                Conj/Fire      3%         6d3       100%        6
 Summon Cactus Giant      Summ           1%         N/A       100%        6
 Haunt                    Necr/Summ      1%         N/A       100%        7
 Malign Gateway           Summ/Tloc      1%         N/A       100%        7
 Monstrous Menagerie      Summ           1%         N/A       100%        7
 Orb of Destruction       Conj           6%         9d6       100%        7
 Ozocubu's Refrigeration  Ice            1%         4d7       100%        7
 Spellforged Servitor     Conj/Summ      3%         N/A       100%        7
 Summon Hydra             Summ           1%         N/A       100%        7
 Discord                  Hex            1%         N/A       100%        8
 Disjunction              Tloc           1%         N/A       100%        8
 Ignition                 Fire           1%         3d3       100%        8
 Infestation              Necr           1%         N/A       100%        8
 Lehudib's Crystal Spear  Conj/Erth      3%         10d3      100%        8
 Summon Horrible Things   Summ           1%         N/A       100%        8


Dungeon Overview and Level Annotations

Branches:
Dungeon (15/15)            Temple (0/1) D:4            Lair (5/5) D:9
  Swamp (4/4) Lair:2       Spider (4/4) Lair:2        Slime (5/5) Lair:4
    Orc (2/2) D:9             Elf (3/3) Orc:2        Vaults (5/5) D:13
  Crypt (3/3) Vaults:2       Tomb (0/3) Crypt:3      Depths (4/4) D:15
    Zot (5/5) Depths:4     Bailey (visited)           IceCv (visited)
Volcano (visited)

Altars:
Fedhas
Kikubaaqudgha
Makhleb
Nemelex Xobeh
Okawaru
Ru
Sif Muna
Trog
Vehumet
Wu Jian
Xom
Yredelemnul
Jiyva

Shops:
D:1 ?   D:3 (   D:5 =   D:6 (   D:8 [   D:11 (*[   D:14 *   Orc:2 (*=   Elf:1 !
Elf:3 !   Vaults:2 *

Portals:
Hell: Lair:5 Depths:1 Depths:2 Depths:3
Abyss: Depths:3
Pandemonium: Orc:2

Annotations:
D:8 2 runed translucent doors, Vila42's ghost, novice GrMo
D:10 exclusion: orange crystal statue
Lair:2 2 transporters, babelphish's ghost, journeyman GrEE
Elf:2 3 runed translucent doors
Zot:3 3 runed translucent doors, Heoriaro's ghost, legendary GnFi


Innate Abilities, Weirdness & Mutations

You are completely covered in slimy green scales. (AC +4, rPois)
A meltable icy envelope protects you from harm. (AC +8)
You are extremely robust. (+30% HP)
You are completely covered in sharp spines.
A meltable shield of frost defends you. (SH +4)
Your touch may irresistibly damage your foes and sap their willpower.
You possess an exceptional clarity of mind.
Your body often deteriorates upon taking damage.
You are very weak. (Str -4)
Your spells are easier to cast, but less powerful.
You expend magic power (3 MP) to strengthen your wands.


Message History

You climb upwards.
There is a stone staircase leading down here.
There is an open door here.
There is a stone staircase leading up here.
You climb upwards.
There is a stone staircase leading down here.
There is a stone staircase leading up here.
You climb upwards.
There is a stone staircase leading down here.
You see here a +0 flail.
There is a stone staircase leading up here.
You climb upwards.
There is a stone staircase leading down here.
You see here a +0 club.
A chaos spawn comes into view.
The chaos spawn's many legs skitter.
The chaos spawn is struck by your spines.
The chaos spawn barely misses you.
You puncture the chaos spawn! You barely miss the chaos spawn.
You touch the chaos spawn!
You kill the chaos spawn!
The chaos spawn degenerates into a cloud of primal chaos!
No target in view!
No target in view!
No target in view!
No target in view!
No target in view!
No target in view!
No target in view!
No target in view!
No target in view!
No target in view!
No target in view!
No target in view!
No target in view!
No target in view!
No target in view!
What level of the Dungeon? (default 1, ? - help)
There is a staircase leading out of the dungeon here.
You have escaped!

# #.# ##..# #.# #######.#
######...######.# ......#.#
#............##.# ........#
#.♣♣♣♣♣♣♣♣♣..##.#
#####.#.###.♣PP..PP..♣.##.#
#.#.....♣PP..P...♣....####
#.####..♣..PP...P♣.##....#
### #.#
#..♣..P...PP♣.#####.# ..#
#.# #..♣PP.@.P..♣.# #.# #.#
#.# #..♣P...PP..♣.# #.# #.#
#.# ##.♣...P..PP♣.# #.# #.#
#.# #.♣..PP..PP♣.# #.#
#.###.# #..♣♣♣♣♣♣♣♣♣.# #.#
......# #............# #.#
#.############.####.####
#.# #.# #.............# #.#
..# #.############# #.#


There were no monsters in sight!

Vanquished Creatures
  Mnoleg (Pan)
  4 dread liches
  5 ancient liches
  3 orbs of fire (Zot:5)
  Mara (Spider:4)
  3 royal mummies (Crypt:1)
  Boris (Depths:2)
  3 Killer Klowns (Zot:5)
  the Lernaean hydra (Swamp:4)
  Saint Roka (Depths:1)
  2 curse toes
  2 pandemonium lords (Pan)
  6 golden dragons
  A profane servitor (D:7)
  Nikola (Swamp:1)
  2 bone dragons
  An electric golem (Zot:5)
  A shard shrike zombie (Crypt:1)
  5 liches
  2 quicksilver dragons
  24 Orb Guardians (Zot:5)
  15 tentacled monstrosities
  12 titans
  2 Hell Sentinels (Pan)
  Mlioglotl (Swamp:2)
  13 acid blobs
  5 Executioners (Pan)
  6 sphinxes
  2 deep elf blademasters (Elf:3)
  4 tentacled starspawn (Abyss:3)
  Gastronok (D:9)
  7 shadow dragons
  Frances (Swamp:2)
  5 death cobs
  Agnes (Spider:3)
  5 tengu reavers
  7 thorn hunters
  5 azure jellies (Slime:5)
  Kirke (Swamp:1)
  Roxanne (Spider:3)
  7 storm dragons
  2 demonspawn warmongers (Pan)
  A daeva (Abyss:3)
  8 protean progenitors
  Aizul (Swamp:1)
  2 draconian monks
  11 fire giants
  6 rockslimes
  A revenant (Crypt:2)
  A draconian knight (Zot:5)
  3 draconian shifters (Zot:5)
  11 vault wardens
  A deep elf elementalist (Elf:3)
  4 balrugs (Pan)
  Louise (Spider:1)
  11 emperor scorpions
  7 frost giants
  A curse skull (Crypt:1)
  9 deep elf sorcerers
  A caustic shrike zombie (Crypt:3)
  3 ghost moths
  6 quicksilver oozes (Slime:5)
  4 demonspawn corrupters (Pan)
  13 ghouls
  17 ironbound preservers
  9 reapers
  14 stone giants
  13 cacodemons (Pan)
  3 ironbound thunderhulks
  4 demonspawn blood saints (Pan)
  3 green draconians
  23 very ugly things
  7 deep elf demonologists
  A broodmother (Spider:3)
  8 formless jellyfish
  5 vampire knights
  A lorocyproca (Pan)
  2 demonspawn black suns (Pan)
  6 deep elf death magi
  12 deep elf annihilators (Elf:3)
  3 eleionomae
  9 dire elephants
  A red draconian (Depths:4)
  A yellow draconian (Zot:5)
  6 war gargoyles
  6 purple draconians
  2 black draconians
  16 starcursed masses (Abyss:3)
  5 white draconians
  3 spark wasps
  3 bunyips
  2 eidola
  9 ettins
  8 jiangshi
  4 green deaths (Pan)
  5 deep elf high priests
  4 crystal guardians
  12 entropy weavers
  2 mummy priests (Crypt:1)
  Josephine (D:14)
  13 yaktaur captains
  5 blizzard demons (Pan)
  Harold (D:9)
  2 shambling mangroves
  An entropy weaver (shapeshifter) (Elf:2)
  19 hydras
  11 great orbs of eyes
  8 ice dragons
  31 vault guards
  A rakshasa (Abyss:3)
  7 fire dragons
  2 hell beasts
  An elf skeleton (Crypt:3)
  2 radroaches
  A ghost crab (Swamp:1)
  2 demonspawn (Orc:2)
  A jorogumo (Slime:5)
  2 ogre magi
  2 peacekeepers
  12 centaur warriors
  An anaconda (Zot:2)
  9 ironbound frosthearts
  9 two-headed ogres
  4 alligators
  A catoblepas (Lair:5)
  13 boulder beetles
  A death knight (Crypt:2)
  22 dancing weapons
  2 spriggan skeletons (Crypt:3)
  4 tengu warriors
  7 orc high priests (Orc:2)
  17 death yaks
  Urug (Orc:1)
  A death scarab (Spider:2)
  A satyr (Zot:2)
  2 sphinx skeletons
  2 deep troll shamans
  5 thrashing horrors (Abyss:3)
  5 deep troll earth magi (Depths:1)
  A shock serpent (Lair:2)
  5 vampire magi
  8 spriggan berserkers
  3 occultists
  A titan zombie (Crypt:3)
  10 demonic crawlers
  17 hell knights
  4 wretched stars (Abyss:3)
  12 soul eaters
  16 deep elf knights
  21 skeletal warriors
  20 sun demons (Pan)
  A titan skeleton (Crypt:3)
  6 pharaoh ants
  A shadow wraith (Vaults:1)
  Nergalle (Lair:1)
  2 skysharks
  A sea snake (shapeshifter) (Vaults:4)
  5 goliath frogs
  Amaemon (Lair:2)
  8 sixfirhies
  A fire crab (Lair:5)
  4 iron trolls
  A sun moth (Spider:1)
  A bunyip zombie (Crypt:3)
  A spriggan druid (Swamp:2)
  13 ironbound convokers
  4 flayed ghosts
  2 mana vipers
  5 orb spiders
  An orb spider (shapeshifter) (Vaults:4)
  9 swamp dragons
  An iron giant zombie (Crypt:2)
  11 deep elf archers
  3 lindwurms
  7 arcanists
  42 deep trolls
  13 shadow demons (Pan)
  2 mana vipers (shapeshifter)
  8 phantasmal warriors
  12 bog bodies
  A fenstrider witch simulacrum (Crypt:1)
  10 steelbarb worms
  8 orc sorcerers
  15 orc knights
  19 wolf spiders
  5 oklob plants
  11 necromancers
  27 deep elf pyromancers
  3 shining eyes
  A glowing shapeshifter (Slime:5)
  26 deep elf zephyrmancers
  8 harpies
  9 cyclopes
  4 will-o-the-wisps
  A goliath frog skeleton (Crypt:1)
  A stone giant zombie (Crypt:3)
  30 ugly things
  19 moths of wrath
  4 manticores
  9 elephants
  An elephant (shapeshifter) (Vaults:4)
  5 toenail golems (Volcano)
  4 meliai
  4 apocalypse crabs (Abyss:3)
  3 water nymphs (Pan)
  2 rust devils
  15 smoke demons
  22 vault sentinels
  A guardian serpent (Pan)
  An ice statue (IceCv)
  A fire giant skeleton (Crypt:2)
  5 black mambas
  11 cane toads
  4 kobold blastminers (Orc:2)
  6 gargoyles
  6 torpor snails
  3 eyes of devastation
  2 naga skeletons
  An unseen horror (Abyss:3)
  4 efreet
  12 orange demons
  13 large abominations
  7 hellions
  44 yaktaurs
  16 rime drakes
  14 komodo dragons
  A red draconian zombie (Crypt:2)
  An iron troll zombie (Crypt:1)
  4 tengu conjurers
  6 freezing wraiths
  A guardian mummy (Crypt:1)
  2 harpy zombies (Crypt:3)
  9 tormentors (Pan)
  5 ice devils
  2 alligator snapping turtle skeletons
  An ancient zyme (Abyss:3)
  3 burning bushes (Lair:4)
  4 red devils
  4 hellwings
  10 tyrant leeches
  8 trolls
  7 polar bears
  A queen bee (Vaults:4)
  3 hornets
  27 tarantellas
  2 dream sheep
  A stone giant simulacrum (Crypt:1)
  A hydra skeleton (Crypt:3)
  5 raiju (Abyss:3)
  A raiju (shapeshifter) (D:15)
  A culicivora zombie (Crypt:2)
  7 blink frogs
  5 glass eyes (Slime:5)
  60 slime creatures
  A culicivora (shapeshifter) (Elf:3)
  4 air elementals
  11 jumping spiders
  3 spriggans
  A shadow (D:10)
  10 culicivoras
  A wind drake zombie (Crypt:2)
  7 wraiths
  A fire dragon skeleton (Crypt:1)
  7 humans
  2 water elementals (Elf:1)
  7 hogs (Swamp:1)
  49 yaks
  A black mamba skeleton (Crypt:1)
  5 fire bats
  7 ynoxinuls
  7 basilisks
  4 wyverns
  A fire elemental (Elf:2)
  14 neqoxecs
  6 golden eyes
  55 redbacks
  3 steam dragons
  17 vampire mosquitoes
  2 wargs
  9 chaos spawn
  13 swamp worms
  A merfolk zombie (Crypt:1)
  3 acid dragons
  A naga zombie (Crypt:3)
  12 water moccasins
  9 hell hounds
  4 ice beasts
  34 laughing skulls
  33 orc warriors
  5 black bears
  A sky beast (Vaults:4)
  7 swamp drakes (Swamp:4)
  A boggart (Vaults:3)
  A crocodile (Zot:2)
  13 ogres
  A tengu (Spider:2)
  15 wolves
  17 centaurs
  4 phantoms
  2 kobold brigands (D:9)
  A komodo dragon zombie (Crypt:1)
  2 weeping skulls (Abyss:3)
  7 bullfrogs
  A gnoll sergeant (D:12)
  A salamander skeleton (Crypt:2)
  5 scorpions
  2 earth elementals
  3 necrophages
  8 small abominations (Abyss:3)
  9 wights (D:7)
  14 killer bees
  A raiju skeleton (Crypt:2)
  3 electric eels
  3 howler monkeys (D:12)
  A lava snake (Lair:5)
  A bombardier beetle (D:5)
  4 crimson imps (D:12)
  A quasit (Abyss:3)
  6 human zombies (Crypt:1)
  A black bear zombie (Crypt:2)
  3 hounds
  A cerulean imp (Lair:5)
  22 orc priests
  2 gnoll boudas
  Jessica (D:3)
  An iguana (D:6)
  20 orc wizards
  2 sleepcaps (D:5)
  A hell rat (Zot:2)
  A hound zombie (Crypt:1)
  3 mummies (Crypt:1)
  19 gnolls
  9 adders
  A shadow imp (D:7)
  A white imp (D:7)
  5 ufetubi
  3 dart slugs
  A ribbon worm (D:3)
  85 orcs
  7 ball pythons
  7 endoplasms
  4 giant cockroaches
  6 goblins
  4 hobgoblins
  7 jackals
  4 quokkas
  6 bats
  A jackal zombie (Crypt:2)
  19 kobolds
  8 rats
  4 aspiring fleshes
  A lurking horror (Pan)
  3 starspawn tentacles (Abyss:3)
2373 creatures vanquished.

Vanquished Creatures (collateral kills)
  Vv (Depths:4)
  A draconian knight (Zot:5)
  A purple draconian (Zot:5)
  2 death yaks (Lair:1)
  A shadow demon (Pan)
  2 deep trolls (Zot:5)
  2 moths of wrath (Zot:5)
  A cane toad (Lair:1)
  A neqoxec (Pan)
  A bullfrog (Lair:1)
13 creatures vanquished.

Vanquished Creatures (others)
  A pandemonium lord (Pan)
  A fire giant (Zot:2)
  An ironbound preserver (Vaults:5)
  A vault guard (Vaults:5)
  An ogre mage (Vaults:5)
  A moth of wrath (Zot:2)
  A yaktaur (Vaults:4)
  3 ball lightnings (Pan)
  10 foxfires
  5 starspawn tentacles (Abyss:3)
25 creatures vanquished.

Grand Total: 2411 creatures vanquished

Notes
Turn   | Place    | Note
-------+----------+-------------------------------------------
     0 | D:1      | freelancePsychic the Demonspawn Wanderer began the quest
                  | for the Orb.
     0 | D:1      | freelancePsychic set off with the following items: a +2
                  | falchion, a wand of flame (7), a scroll of fog, a +0 robe;
                  | and the following spell memorised: Shock; and the following
                  | spells available to memorise: Mephitic Cloud.
     0 | D:1      | Reached XP level 1. HP: 13/13 MP: 2/2
   257 | D:1      | Gained mutation: You are partially covered in sharp spines.
                  | [demonic ancestry]
   257 | D:1      | Reached XP level 2. HP: 20/20 MP: 1/3
   551 | D:1      | Found Gonen's Magic Scroll Shoppe.
   571 | D:1      | Reached skill level 1 in Fighting
   606 | D:1      | Reached skill level 1 in Conjurations
   827 | D:1      | Reached XP level 3. HP: 23/26 MP: 5/5
  1112 | D:2      | Learned a level 3 spell: Mephitic Cloud
  1476 | D:2      | Noticed an ogre
  1798 | D:3      | Noticed Jessica
  1800 | D:3      | Killed Jessica
  1801 | D:3      | Reached skill level 1 in Shapeshifting
  1801 | D:3      | Reached XP level 4. HP: 33/33 MP: 3/6
  1944 | D:3      | Found an ornate altar of the Wu Jian Council.
  1965 | D:3      | Reached skill level 1 in Alchemy
  2020 | D:3      | Noticed a phantom
  2313 | D:2      | Reached XP level 5. HP: 34/38 MP: 5/7
  2748 | D:3      | Found Firuyzes's Antique Weapon Boutique.
  2978 | D:3      | Killed a phantom
  3043 | D:4      | Gained mutation: Your touch may inflict minor irresistible
                  | damage on your foes. [demonic ancestry]
  3043 | D:4      | Reached XP level 6. HP: 38/46 MP: 4/8
  3259 | D:4      | Reached skill level 1 in Short Blades
  3280 | D:4      | Found a sparkling altar of Nemelex Xobeh.
  3285 | D:4      | Became a worshipper of Nemelex Xobeh the Trickster
  3316 | D:4      | Found a staircase to the Ecumenical Temple.
  3807 | D:4      | Identified the ring of Optimism {rCorr Int+5 Dex+4 SInv}
  4173 | D:2      | Found a faded altar of an unknown god.
  4384 | D:5      | Entered Level 5 of the Dungeon
  4387 | D:5      | Noticed a water moccasin
  4391 | D:5      | Gained mutation: Your touch may inflict irresistible damage
                  | on your foes. [demonic ancestry]
  4391 | D:5      | Reached XP level 7. HP: 46/52 MP: 9/9
  4588 | D:5      | Reached * piety under Nemelex Xobeh
  5049 | D:5      | Reached skill level 1 in Invocations
  5069 | D:5      | Gained mutation: A meltable shield of frost defends you.
                  | (SH +4) [demonic ancestry]
  5069 | D:5      | Reached XP level 8. HP: 57/60 MP: 8/10
  5078 | D:5      | Reached skill level 2 in Invocations
  5192 | D:5      | Received a gift from Nemelex Xobeh
  5333 | D:5      | Found Wair's Jewellery Boutique.
  5350 | D:5      | Identified the +5 dagger "Orb Guardian's Peril" {freeze,
                  | *Rage rElec Str+6}
  5476 | D:6      | Reached ** piety under Nemelex Xobeh
  5480 | D:6      | Reached skill level 3 in Invocations
  5951 | D:6      | Found Noll's Weapon Boutique.
  5955 | D:6      | Identified a scroll of acquirement
  5957 | D:6      | Acquired 818 gold pieces
  6169 | D:7      | Identified the +0 hat "Xuryz" {rF+ Str+3 SInv}
  6194 | D:7      | Reached skill level 5 in Fighting
  6227 | D:7      | Reached skill level 4 in Invocations
  6453 | D:7      | Reached skill level 5 in Short Blades
  6453 | D:7      | Gained mutation: You are partially covered in slimy green
                  | scales. (AC +2) [demonic ancestry]
  6453 | D:7      | Reached XP level 9. HP: 68/68 MP: 12/12
  6503 | D:7      | Reached skill level 5 in Invocations
  7137 | D:7      | Found an iron altar of Okawaru.
  7137 | D:7      | Found a shimmering blue altar of Sif Muna.
  7145 | D:7      | Found a bloodstained altar of Trog.
  7147 | D:7      | Found a sacrificial altar of Ru.
  7149 | D:7      | Found a faded altar of an unknown god.
  7241 | D:7      | Reached skill level 6 in Invocations
  7652 | D:8      | Found Hadad's Dragon-Slaying Spoils.
  7717 | D:8      | Reached skill level 1 in Stealth
  7814 | D:8      | Found a shimmering altar of Xom.
  7863 | D:8      | Reached *** piety under Nemelex Xobeh
  8058 | D:8      | Found a large runed translucent door.
  8059 | D:8      | Found a large runed translucent door.
  8062 | D:8      | Noticed Vila42's ghost (novice GrMo)
  8480 | D:9      | Gained mutation: You are mostly covered in sharp spines.
                  | [demonic ancestry]
  8480 | D:9      | Reached XP level 10. HP: 79/79 MP: 14/14
  8518 | D:9      | Noticed Gastronok
  8544 | D:9      | Found a staircase to the Orcish Mines.
  8553 | D:9      | Noticed an elephant
  8599 | D:9      | Killed an elephant
  8691 | D:9      | Found a staircase to the Lair.
  8760 | D:9      | Noticed Harold
  8778 | D:9      | Killed Harold
  8899 | D:9      | Found a flagged portal.
  8918 | Bailey   | Entered a bailey
  9105 | Bailey   | Noticed an orc knight
  9115 | Bailey   | Killed an orc knight
  9118 | Bailey   | Noticed an orc knight
  9132 | Bailey   | Noticed an orc knight
  9132 | Bailey   | Noticed an orc knight
  9137 | Bailey   | Killed an orc knight
  9138 | Bailey   | Gained mutation: You are mostly covered in slimy green
                  | scales. (AC +3) [demonic ancestry]
  9138 | Bailey   | Reached XP level 11. HP: 34/86 MP: 3/17
  9151 | Bailey   | Killed an orc knight
  9161 | Bailey   | Killed an orc knight
  9362 | Bailey   | Acquired the +0 pair of gloves of Qotiz {Rampage rPois
                  | Int+3 Dex+4}
  9436 | D:10     | Entered Level 10 of the Dungeon
  9436 | D:10     | Received a gift from Nemelex Xobeh
  9807 | D:10     | Noticed an orange crystal statue
  9808 | D:10     | Noticed a two-headed ogre
  9815 | D:10     | Noticed a two-headed ogre
  9829 | D:10     | Killed a two-headed ogre
  9830 | D:10     | Reached skill level 10 in Fighting
 10129 | D:10     | Reached skill level 1 in Dodging
 10392 | D:11     | Found Mafymafi's Weapon Emporium.
 10407 | D:11     | Reached skill level 10 in Short Blades
 10407 | D:11     | Reached skill level 7 in Invocations
 10428 | D:11     | Found Zuhavyagi's General Store.
 10437 | D:11     | Bought a scroll of poison for 48 gold pieces
 10446 | D:11     | Reached **** piety under Nemelex Xobeh
 10483 | D:11     | Noticed a brown ugly thing
 10501 | D:11     | Killed a brown ugly thing
 10682 | D:11     | Found a blossoming altar of Fedhas.
 10709 | D:11     | Found Jiteaqur's Armour Boutique.
 10889 | Lair:1   | Entered Level 1 of the Lair of Beasts
 10889 | Lair:1   | Noticed Nergalle
 10891 | Lair:1   | Received a gift from Nemelex Xobeh
 10898 | Lair:1   | Noticed a spectral orc warlord
 10898 | Lair:1   | Killed Nergalle
 10985 | Lair:1   | Noticed a death yak
 10988 | Lair:1   | Noticed a death yak
 10988 | Lair:1   | Noticed a death yak
 10991 | Lair:1   | Reached skill level 8 in Invocations
 10996 | Lair:1   | Killed a death yak
 10998 | Lair:1   | Killed a death yak
 11001 | Lair:1   | Killed a death yak
 11131 | Lair:1   | Received a gift from Nemelex Xobeh
 11133 | Lair:1   | Gained mutation: A meltable icy envelope protects you from
                  | harm. (AC +8) [demonic ancestry]
 11133 | Lair:1   | Reached XP level 12. HP: 97/97 MP: 18/18
 11196 | Lair:1   | Reached skill level 9 in Invocations
 11527 | Lair:2   | Found a hole to the Spider Nest.
 11574 | Lair:2   | Received a gift from Nemelex Xobeh
 11707 | Lair:2   | Noticed a cacodemon
 11726 | Lair:2   | Found a transporter.
 11940 | Lair:2   | Reached skill level 5 in Dodging
 12016 | Lair:2   | Noticed Amaemon
 12021 | Lair:2   | Killed Amaemon
 12022 | Lair:2   | Reached skill level 10 in Invocations
 12174 | Lair:2   | Reached ***** piety under Nemelex Xobeh
 12232 | Lair:2   | Noticed an eight-headed hydra
 12240 | Lair:2   | Killed an eight-headed hydra
 12379 | Lair:2   | Noticed a six-headed hydra
 12382 | Lair:2   | a six-headed hydra changed into a shock serpent
 12405 | Lair:2   | Found a staircase to the Swamp.
 12469 | Lair:2   | Found a transporter.
 12477 | Lair:2   | Noticed babelphish's ghost (journeyman GrEE)
 12487 | Lair:2   | Received a gift from Nemelex Xobeh
 12649 | Lair:3   | Noticed a death yak
 12650 | Lair:3   | Noticed a death yak
 12650 | Lair:3   | Noticed a death yak
 12653 | Lair:3   | Noticed a death yak
 12653 | Lair:3   | Noticed a death yak
 12668 | Lair:3   | Killed a death yak
 12673 | Lair:3   | Killed a death yak
 12676 | Lair:3   | Noticed a death yak
 12679 | Lair:3   | Killed a death yak
 12680 | Lair:3   | Reached skill level 11 in Invocations
 12689 | Lair:3   | Killed a death yak
 12689 | Lair:3   | Killed a death yak
 12693 | Lair:3   | Killed a death yak
 12727 | Lair:3   | Received a gift from Nemelex Xobeh
 12900 | Lair:3   | Received a gift from Nemelex Xobeh
 12908 | Lair:3   | Found a dark tunnel.
 12917 | Volcano  | Entered a volcano
 13030 | Volcano  | Reached XP level 13. HP: 103/103 MP: 21/21
 13033 | Volcano  | Reached skill level 12 in Invocations
 13560 | Lair:3   | Noticed a fire dragon
 13570 | Lair:3   | Killed a fire dragon
 14124 | D:8      | Bought the +2 steam dragon scales "Zoisukh" {+Inv rC++
                  | rCorr Str-2} for 994 gold pieces
 14243 | Lair:4   | Received a gift from Nemelex Xobeh
 14686 | Lair:4   | Reached skill level 5 in Evocations
 15390 | Lair:4   | Found a viscous altar of Jiyva.
 15392 | Lair:4   | Found a staircase to the Slime Pits.
 15654 | Lair:5   | Entered Level 5 of the Lair of Beasts
 15678 | Lair:5   | HP: 2/104 [basilisk (4)]
 16068 | Lair:5   | Reached XP level 14. HP: 88/111 MP: 21/23
 16890 | Lair:5   | Received a gift from Nemelex Xobeh
 17595 | Lair:5   | Found a burning altar of Makhleb.
 17601 | Lair:5   | Found a gateway to Hell.
 17994 | D:9      | Killed Gastronok
 18046 | D:9      | Received a gift from Nemelex Xobeh
 18091 | D:9      | Found a radiant altar of Vehumet.
 18384 | Orc:1    | Entered Level 1 of the Orcish Mines
 18417 | Orc:1    | Noticed Urug
 18422 | Orc:1    | Killed Urug
 18735 | Orc:2    | Entered Level 2 of the Orcish Mines
 18817 | Orc:2    | Found a flickering gateway to a bazaar.
 18822 | Bazaar   | Entered a bazaar
 18846 | Bazaar   | Found Fut Hafusadu's Distillery.
 18846 | Bazaar   | Received a gift from Nemelex Xobeh
 18857 | Bazaar   | Found Bong's General Store.
 18906 | Bazaar   | Found Gehacush's Book Shoppe.
 18953 | Bazaar   | Found Abat's Distillery.
 18990 | Bazaar   | Found Rilazon's Jewellery Shoppe.
 19002 | Bazaar   | Bought a +4 ring of slaying for 1092 gold pieces
 19043 | Bazaar   | Bought a potion of haste for 60 gold pieces
 19043 | Bazaar   | Bought a potion of curing for 18 gold pieces
 19043 | Bazaar   | Bought a potion of curing for 18 gold pieces
 19043 | Bazaar   | Bought a potion of heal wounds for 30 gold pieces
 19043 | Bazaar   | Bought a potion of curing for 18 gold pieces
 19043 | Bazaar   | Bought a potion of curing for 18 gold pieces
 19078 | Bazaar   | Bought a potion of cancellation for 88 gold pieces
 19078 | Bazaar   | Bought a potion of invisibility for 88 gold pieces
 19218 | Orc:2    | Received a gift from Nemelex Xobeh
 19302 | Orc:2    | Found Ymij's General Store.
 19302 | Orc:2    | Found Seroeny's Distillery.
 19454 | Orc:2    | Reached skill level 10 in Dodging
 19603 | Orc:2    | Found a staircase to the Elven Halls.
 19731 | Orc:2    | Reached ****** piety under Nemelex Xobeh
 19739 | Orc:2    | Received a gift from Nemelex Xobeh
 19885 | Orc:2    | Reached skill level 13 in Invocations
 19920 | Orc:2    | Reached XP level 15. HP: 40/120 MP: 24/24
 20366 | Orc:2    | Found Ruoc's Antique Weapon Boutique.
 20366 | Orc:2    | Found Wit Etus's Jewellery Shop.
 20367 | Orc:2    | Found a one-way gate leading to the halls of Pandemonium.
 20884 | D:12     | Received a gift from Nemelex Xobeh
 20916 | D:12     | Found a shimmering altar of Xom.
 21305 | D:13     | Reached skill level 14 in Invocations
 21370 | D:13     | Found a frozen archway.
 21399 | IceCv    | Entered an ice cave
 21446 | IceCv    | Reached skill level 10 in Evocations
 21877 | IceCv    | Noticed a frost giant
 21887 | IceCv    | Killed a frost giant
 22071 | D:13     | Received a gift from Nemelex Xobeh
 22084 | D:13     | Reached skill level 15 in Invocations
 22695 | D:13     | Found a gate to the Vaults.
 23064 | D:14     | Gained mutation: You are completely covered in slimy green
                  | scales. (AC +4, rPois) [demonic ancestry]
 23064 | D:14     | Reached XP level 16. HP: 115/127 MP: 27/27
 23120 | D:14     | Noticed Josephine
 23125 | D:14     | Killed Josephine
 23227 | D:14     | Reached skill level 16 in Invocations
 23396 | D:14     | Identified the +2 flail of Gamer {vamp, rElec Int+2}
 23422 | D:14     | Found Jaerch's Island Escapes.
 23586 | D:14     | Bought a potion of invisibility for 112 gold pieces
 23586 | D:14     | Bought a scroll of teleportation for 42 gold pieces
 23586 | D:14     | Bought a scroll of teleportation for 42 gold pieces
 23586 | D:14     | Bought a scroll of blinking for 105 gold pieces
 23586 | D:14     | Bought a potion of enlightenment for 70 gold pieces
 23629 | D:15     | Entered Level 15 of the Dungeon
 23629 | D:15     | Received a gift from Nemelex Xobeh
 23966 | D:15     | Found a staircase to the Depths.
 24603 | Spider:1 | Entered Level 1 of the Spider Nest
 24638 | Spider:1 | Received a gift from Nemelex Xobeh
 24666 | Spider:1 | Reached skill level 17 in Invocations
 24721 | Spider:1 | Noticed Louise
 24735 | Abyss:3  | Cast into level 3 of the Abyss (Louise)
 24822 | Abyss:3  | Found a corrupted altar of Lugonu.
 24886 | Abyss:3  | Found a corrupted altar of Lugonu.
 24904 | Abyss:3  | Reached skill level 5 in Stealth
 25073 | Abyss:3  | Noticed a tentacled starspawn
 25117 | Abyss:3  | Received a gift from Nemelex Xobeh
 25142 | Abyss:3  | Noticed a hellephant
 25177 | Abyss:3  | Killed a tentacled starspawn
 25184 | Abyss:3  | Noticed a tentacled starspawn
 25187 | Abyss:3  | Killed a tentacled starspawn
 25246 | Spider:1 | Escaped the Abyss
 25252 | Spider:1 | Killed Louise
 25253 | Spider:1 | Reached skill level 18 in Invocations
 25945 | Spider:1 | Received a gift from Nemelex Xobeh
 26335 | Spider:2 | Reached XP level 17. HP: 133/133 MP: 30/30
 26579 | Spider:2 | Received a gift from Nemelex Xobeh
 26716 | Spider:3 | Noticed Roxanne
 27037 | Spider:3 | Killed Roxanne
 27335 | Spider:3 | Received a gift from Nemelex Xobeh
 27351 | Spider:3 | Identified the +0 scale mail of Haubai Cima {Dex+2}
 27470 | Spider:3 | Noticed Agnes
 27477 | Spider:3 | Killed Agnes
 27608 | Spider:3 | Received a gift from Nemelex Xobeh
 28236 | Spider:4 | Entered Level 4 of the Spider Nest
 28268 | Spider:4 | Found the +0 mask of the Dragon {Will+ Slay+3 SInv}
 28329 | Spider:4 | Received a gift from Nemelex Xobeh
 28901 | Spider:4 | Got a gossamer rune of Zot
 29086 | Spider:4 | Noticed Mara
 29099 | Spider:4 | Killed Mara
 29100 | Spider:4 | Gained mutation: Your touch may irresistibly damage your
                  | foes and sap their willpower. [demonic ancestry]
 29100 | Spider:4 | Reached XP level 18. HP: 127/145 MP: 31/31
 29331 | Swamp:1  | Entered Level 1 of the Swamp
 29374 | Swamp:1  | Noticed Nikola
 29383 | Swamp:1  | Killed Nikola
 29490 | Swamp:1  | Received a gift from Nemelex Xobeh
 29682 | Swamp:1  | Identified the serpent talisman of Lugonu's Whim {rCorr
                  | Str+3}
 29682 | Swamp:1  | Noticed Aizul
 29704 | Swamp:1  | Killed Aizul
 29714 | Swamp:1  | Noticed Kirke
 29985 | Swamp:1  | Killed Kirke
 30341 | Swamp:2  | Noticed Frances
 30357 | Swamp:2  | Killed Frances
 30501 | Swamp:2  | Received a gift from Nemelex Xobeh
 30800 | Swamp:2  | Noticed Mlioglotl
 30813 | Swamp:2  | Killed Mlioglotl
 31749 | Swamp:3  | Identified the +0 leather armour of Honour {Fly rN+ rCorr
                  | Stlth+}
 31769 | Swamp:3  | Received a gift from Nemelex Xobeh
 31947 | Swamp:3  | Reached skill level 15 in Evocations
 32069 | Swamp:4  | Entered Level 4 of the Swamp
 32486 | Swamp:4  | Reached skill level 15 in Fighting
 32721 | Swamp:4  | Noticed the 27-headed Lernaean hydra
 32725 | Swamp:4  | Killed the 27-headed Lernaean hydra
 32773 | Swamp:4  | Got a decaying rune of Zot
 32810 | Swamp:4  | Received a gift from Nemelex Xobeh
 33591 | Elf:1    | Entered Level 1 of the Elven Halls
 33594 | Elf:1    | Paralysed by an air elemental for 1 turns
 34001 | Elf:1    | Gained mutation: You are completely covered in sharp
                  | spines. [demonic ancestry]
 34001 | Elf:1    | Reached XP level 19. HP: 155/155 MP: 32/32
 34079 | Elf:1    | Reached skill level 15 in Dodging
 34706 | Elf:1    | Found Kucikk's Distillery.
 34714 | Elf:1    | Bought a potion of haste for 160 gold pieces
 34714 | Elf:1    | Bought a potion of invisibility for 128 gold pieces
 34714 | Elf:1    | Bought a potion of might for 64 gold pieces
 34977 | Elf:1    | Received a gift from Nemelex Xobeh
 35581 | Elf:2    | Found a shimmering blue altar of Sif Muna.
 35582 | Elf:2    | Received a gift from Nemelex Xobeh
 35585 | Elf:2    | Paralysed by an air elemental for 1 turns
 35889 | Elf:2    | Found a runed translucent gate.
 35889 | Elf:2    | Found a runed translucent gate.
 35889 | Elf:2    | Found a runed translucent gate.
 36059 | Elf:3    | Entered Level 3 of the Elven Halls
 36059 | Elf:3    | Found Nyogiyng's Distillery.
 36064 | Elf:3    | Bought a potion of heal wounds for 65 gold pieces
 36775 | Elf:3    | Found the +2 hood of the Assassin {Detect Stab+ Stlth++}
 36785 | Elf:3    | Got Dofona's Meditations on the Barrage and the Excursion
 36800 | Elf:3    | Identified the staff of Division {rElec Str+6 Air}
 36863 | Elf:3    | Received a gift from Nemelex Xobeh
 36895 | Elf:3    | Identified the +8 dagger "Fyelal" {flame, Stlth+}
 36976 | Elf:3    | Found the +7 lajatang of Order {silver, rMut}
 37007 | Elf:3    | Identified the ring of the Shining Light {rPois EV+5 Int+5}
 37378 | Elf:3    | Paralysed by an air elemental for 1 turns
 37409 | Elf:3    | Received a gift from Nemelex Xobeh
 38073 | Vaults:1 | Entered Level 1 of the Vaults
 38295 | Vaults:1 | Reached skill level 19 in Invocations
 38350 | Vaults:1 | Identified the +7 sling of Fullak {freeze, rF+ rN+ Str+3
                  | Dex-2}
 38441 | Vaults:1 | Gained mutation: You are robust. (+10% HP) [demonic
                  | ancestry]
 38441 | Vaults:1 | Reached XP level 20. HP: 149/181 MP: 33/33
 38855 | Vaults:1 | Received a gift from Nemelex Xobeh
 39125 | Vaults:1 | Identified the +2 leather armour of the Sun {Harm Int+5
                  | Slay-2 SInv Stlth+}
 39600 | Vaults:2 | Found a staircase to the Crypt.
 39600 | Vaults:2 | Found an ancient bone altar of Kikubaaqudgha.
 39600 | Vaults:2 | Found a basalt altar of Yredelemnul.
 40779 | Vaults:2 | Found Killobeg's General Store.
 41026 | Vaults:3 | Reached skill level 20 in Invocations
 41053 | Vaults:3 | Received a gift from Nemelex Xobeh
 42283 | Vaults:3 | Received a gift from Nemelex Xobeh
 42977 | Vaults:4 | Identified the +0 chain mail "Xuorigu" {rElec rF+ Str-2}
 43074 | Vaults:4 | Received a gift from Nemelex Xobeh
 43194 | Vaults:4 | Reached XP level 21. HP: 126/195 MP: 35/35
 44345 | Vaults:4 | Received a gift from Nemelex Xobeh
 44681 | Crypt:1  | Entered Level 1 of the Crypt
 44874 | Crypt:1  | Received a gift from Nemelex Xobeh
 45908 | Crypt:1  | Received a gift from Nemelex Xobeh
 46246 | Crypt:1  | Noticed a royal mummy
 46270 | Crypt:1  | Killed a royal mummy
 46620 | Crypt:1  | Noticed a royal mummy
 46630 | Crypt:1  | Killed a royal mummy
 46842 | Crypt:1  | Noticed a royal mummy
 46852 | Crypt:1  | Killed a royal mummy
 46926 | Crypt:1  | Found the +7 sceptre of Torment {pain, torment}
 47248 | Crypt:2  | Received a gift from Nemelex Xobeh
 48202 | Crypt:3  | Entered Level 3 of the Crypt
 48916 | Crypt:3  | Received a gift from Nemelex Xobeh
 48936 | Crypt:3  | Identified the staff "Cookie Cutter" {^Contam rN+ Str+4
                  | Int+8 Summ Necro}
 48942 | Crypt:3  | Gained mutation: You are very robust. (+20% HP) [demonic
                  | ancestry]
 48942 | Crypt:3  | Reached XP level 22. HP: 174/215 MP: 36/36
 49084 | Crypt:3  | Noticed an ancient lich
 49108 | Crypt:3  | Killed an ancient lich
 49361 | Crypt:3  | Found a basalt altar of Yredelemnul.
 49396 | Crypt:3  | Identified the +6 war axe of Miavvets {venom, rPois Str+3}
 49472 | Crypt:3  | Reached skill level 5 in Shapeshifting
 49608 | Crypt:3  | Found a staircase to the Tomb.
 50029 | Crypt:2  | Found a basalt altar of Yredelemnul.
 50558 | Slime:1  | Entered Level 1 of the Pits of Slime
 50768 | Slime:1  | Received a gift from Nemelex Xobeh
 50946 | Slime:5  | Entered Level 5 of the Pits of Slime
 51088 | Slime:5  | Received a gift from Nemelex Xobeh
 51447 | Slime:5  | Found a viscous altar of Jiyva.
 51688 | Slime:5  | Noticed the Royal Jelly
 51693 | Slime:5  | the Royal Jelly changed into an azure jelly shaped Royal
                  | Jelly
 51693 | Slime:5  | Noticed an azure jelly shaped Royal Jelly
 51712 | Slime:5  | Killed an azure jelly shaped Royal Jelly
 51813 | Slime:5  | Identified the +1 helmet "Mutouf" {+Blink rElec Int-5}
 52036 | Slime:5  | Paralysed by a formless jellyfish for 1 turns
 52069 | Slime:5  | Identified the ring "Usutasoi" {Wiz Will+ rCorr SInv}
 52135 | Slime:5  | Identified the +8 morningstar of Wounding {freeze, *Noise
                  | rCorr Dex+2}
 52136 | Slime:5  | Identified the +5 short sword "Naucivil" {protect, Fly
                  | Str-2 Int+5 Dex+2}
 52158 | Slime:5  | Identified the +4 great sword "Embalmer" {flame, Dex+3}
 52202 | Slime:5  | Identified the +0 pair of boots of Ronniuj {Will+ Regen+
                  | Str+4 Stlth-}
 52217 | Slime:5  | Got the Almanac of Hyperthermia
 52218 | Slime:5  | Identified the +4 halberd of Doubt {freeze, *Slow rElec rC+
                  | rN+++}
 52226 | Slime:5  | Got a slimy rune of Zot
 52803 | Vaults:5 | Entered Level 5 of the Vaults
 53306 | Vaults:5 | Reached skill level 10 in Shapeshifting
 53458 | Vaults:4 | Reached skill level 21 in Invocations
 53843 | Vaults:5 | Noticed a golden dragon
 53855 | Vaults:4 | Gained mutation: A meltable icy envelope protects you from
                  | harm. (AC +8) [demonic ancestry]
 53855 | Vaults:4 | Reached XP level 23. HP: 181/231 MP: 37/37
 53959 | Vaults:5 | Noticed a dread lich
 54006 | Vaults:4 | Killed a dread lich
 54093 | Vaults:5 | Noticed an ancient lich
 54286 | Vaults:4 | Reached skill level 22 in Invocations
 55138 | Vaults:4 | Killed an ancient lich
 55386 | Vaults:5 | Noticed a dread lich
 55387 | Vaults:5 | Identified the +7 glaive of Wudyd {antimagic, Str+4}
 55408 | Vaults:4 | Killed a dread lich
 55538 | Vaults:5 | Noticed an ancient lich
 56268 | Vaults:4 | Killed an ancient lich
 56269 | Vaults:4 | Reached skill level 23 in Invocations
 56677 | Vaults:5 | Got Seuzes's Parchment of Sepulchral Hyperthermia
 56683 | Vaults:5 | Identified the amulet of Hediud Wuxu {Reflect rC+ SH+5}
 56720 | Vaults:5 | Identified the +6 scimitar "String" {holy, Int+6}
 56749 | Vaults:5 | Received a gift from Nemelex Xobeh
 56929 | Vaults:5 | Identified the +0 ring mail "Cuisor" {rF+ Int+3}
 57298 | Vaults:5 | Identified the staff "Heted" {rElec MP+9 Int+4 Air}
 57385 | Vaults:5 | Got a silver rune of Zot
 57522 | Vaults:5 | Received a gift from Nemelex Xobeh
 57837 | Pan      | Entered Pandemonium
 57894 | Pan      | Found a runed translucent door.
 58145 | Pan      | Noticed Febet the pandemonium lord
 58351 | Pan      | Killed Febet the pandemonium lord
 58693 | Pan      | Identified the +6 plate armour of Responsibility {Str+4}
 58741 | Pan      | Noticed Dailynar the pandemonium lord
 58880 | Pan      | Reached skill level 24 in Invocations
 59362 | Pan      | Gained mutation: You are extremely robust. (+30% HP)
                  | [demonic ancestry]
 59362 | Pan      | Reached XP level 24. HP: 233/264 MP: 39/39
 59489 | Pan      | Noticed Kerustrue the pandemonium lord
 59561 | Pan      | Received a gift from Nemelex Xobeh
 59718 | Pan      | Noticed Wiutoici the pandemonium lord
 59726 | Pan      | Killed Wiutoici the pandemonium lord
 59900 | Pan      | Entered the realm of Mnoleg.
 59937 | Pan      | Found a one-way gate to the infinite horrors of the Abyss.
 60265 | Pan      | Gained mutation: You are weak. (Str -2) [a cacodemon]
 60322 | Pan      | Gained mutation: Armour fits poorly on your strangely
                  | shaped body. [a cacodemon]
 60332 | Pan      | Noticed Mnoleg
 60339 | Pan      | Received a gift from Nemelex Xobeh
 60354 | Pan      | Killed Mnoleg
 60360 | Pan      | Gained mutation: Your spells are a little easier to cast,
                  | but a little less powerful. [a cacodemon]
 60382 | Pan      | Got a glowing rune of Zot
 60383 | Pan      | Gained mutation: Your spells are easier to cast, but less
                  | powerful. [a neqoxec]
 60385 | Pan      | Gained mutation: You occasionally lose the ability to drink
                  | potions when taking damage. [a neqoxec]
 60424 | Pan      | Reached skill level 15 in Shapeshifting
 60538 | Pan      | Found a corrupted altar of Lugonu.
 60546 | Pan      | Voluntarily entered the Abyss.
 60564 | Abyss:3  | Lost mutation: You occasionally lose the ability to drink
                  | potions when taking damage. [potion of mutation]
 60564 | Abyss:3  | Lost mutation: Your spells are easier to cast, but less
                  | powerful. [potion of mutation]
 60564 | Abyss:3  | Lost mutation: You are weak. (Str -2) [potion of mutation]
 60564 | Abyss:3  | Gained mutation: Your magical capacity is low. (-10% MP)
                  | [potion of mutation]
 60564 | Abyss:3  | Gained mutation: You have a pair of small horns on your
                  | head. [potion of mutation]
 60564 | Abyss:3  | Lost mutation: Your magical capacity is low. (-10% MP)
                  | [potion of mutation]
 60565 | Abyss:3  | Lost mutation: Your spells are a little easier to cast, but
                  | a little less powerful. [potion of mutation]
 60565 | Abyss:3  | Lost mutation: You have a pair of small horns on your head.
                  | [potion of mutation]
 60565 | Abyss:3  | Lost mutation: Armour fits poorly on your strangely shaped
                  | body. [potion of mutation]
 60565 | Abyss:3  | Gained mutation: You occasionally lose the ability to read
                  | scrolls when taking damage. [potion of mutation]
 60565 | Abyss:3  | Gained mutation: Your mind is acute. (Int +4, Str/Dex -1)
                  | [potion of mutation]
 60566 | Abyss:3  | Lost mutation: You occasionally lose the ability to read
                  | scrolls when taking damage. [potion of mutation]
 60566 | Abyss:3  | Lost mutation: Your mind is acute. (Int +4, Str/Dex -1)
                  | [potion of mutation]
 60566 | Abyss:3  | Gained mutation: You have large cloven feet. [potion of
                  | mutation]
 60693 | Abyss:3  | Got an abyssal rune of Zot
 60698 | Abyss:3  | Paralysed by accursed screaming for 2 turns
 60866 | Pan      | Escaped the Abyss
 60874 | Pan      | Gained mutation: You are clumsy. (Dex -2) [a neqoxec]
 60916 | Pan      | Gained mutation: You sometimes lose your temper in combat.
                  | [a neqoxec]
 60937 | Pan      | Gained mutation: Your health recovers twice as slowly from
                  | being drained. [a neqoxec]
 60960 | Pan      | Received a gift from Nemelex Xobeh
 61115 | Pan      | Lost mutation: You have large cloven feet. [potion of
                  | mutation]
 61115 | Pan      | Lost mutation: You sometimes lose your temper in combat.
                  | [potion of mutation]
 61115 | Pan      | Gained mutation: You occasionally shout uncontrollably at
                  | your foes. [potion of mutation]
 61115 | Pan      | Gained mutation: You are vulnerable to heat. (rF-) [potion
                  | of mutation]
 61121 | Pan      | Lost mutation: You are vulnerable to heat. (rF-) [potion of
                  | mutation]
 61121 | Pan      | Lost mutation: You are clumsy. (Dex -2) [potion of
                  | mutation]
 61121 | Pan      | Lost mutation: Your health recovers twice as slowly from
                  | being drained. [potion of mutation]
 61121 | Pan      | Gained mutation: Your flesh is cold resistant. (rC+)
                  | [potion of mutation]
 61121 | Pan      | Gained mutation: You have large cloven feet. [potion of
                  | mutation]
 61128 | Pan      | Gained mutation: You occasionally lose the ability to read
                  | scrolls when taking damage. [a cacodemon]
 61130 | Pan      | Lost mutation: Your flesh is cold resistant. (rC+) [a
                  | cacodemon]
 61595 | Pan      | Gained mutation: You sometimes lose the ability to read
                  | scrolls when taking damage. [a cacodemon]
 61760 | Pan      | Received a gift from Nemelex Xobeh
 62002 | Pan      | Noticed Oveateom the pandemonium lord
 62009 | Pan      | Killed Oveateom the pandemonium lord
 62017 | Orc:2    | Escaped Pandemonium
 62255 | Depths:1 | Entered Level 1 of the Depths
 62580 | Depths:1 | Reached XP level 25. HP: 273/273 MP: 39/39
 62598 | Depths:1 | Reached skill level 1 in Armour
 62616 | Depths:1 | Reached skill level 25 in Invocations
 62616 | Depths:1 | Received a gift from Nemelex Xobeh
 62863 | Depths:1 | Noticed Saint Roka
 62887 | Depths:1 | Killed Saint Roka
 62891 | Depths:1 | Lost mutation: You sometimes lose the ability to read
                  | scrolls when taking damage. [potion of mutation]
 62891 | Depths:1 | Lost mutation: You have large cloven feet. [potion of
                  | mutation]
 62891 | Depths:1 | Lost mutation: You occasionally shout uncontrollably at
                  | your foes. [potion of mutation]
 62891 | Depths:1 | Gained mutation: Your health recovers twice as slowly from
                  | being drained. [potion of mutation]
 62892 | Depths:1 | Lost mutation: Your health recovers twice as slowly from
                  | being drained. [potion of mutation]
 62892 | Depths:1 | Lost mutation: You occasionally lose the ability to read
                  | scrolls when taking damage. [potion of mutation]
 62892 | Depths:1 | Gained mutation: Your movements are slightly less
                  | encumbered by armour. (ER -2) [potion of mutation]
 62892 | Depths:1 | Gained mutation: You are agile. (Dex +4, Str/Int -1)
                  | [potion of mutation]
 62892 | Depths:1 | Gained mutation: You sometimes lose your temper in combat.
                  | [potion of mutation]
 62892 | Depths:1 | Gained mutation: You are covered in fur. (AC +1) [potion of
                  | mutation]
 62893 | Depths:1 | Lost mutation: You sometimes lose your temper in combat.
                  | [potion of mutation]
 62893 | Depths:1 | Lost mutation: You are agile. (Dex +4, Str/Int -1) [potion
                  | of mutation]
 62893 | Depths:1 | Gained mutation: You have a pair of small horns on your
                  | head. [potion of mutation]
 62893 | Depths:1 | Gained mutation: You passively map a small area around you.
                  | [potion of mutation]
 63340 | Depths:3 | Noticed Boris
 63349 | Depths:3 | Received a gift from Nemelex Xobeh
 63366 | Depths:2 | Killed Boris
 63506 | Depths:3 | Found a one-way gate to the infinite horrors of the Abyss.
 63692 | Depths:4 | Entered Level 4 of the Depths
 63703 | Depths:4 | Noticed Vv
 63722 | Depths:4 | Killed Vv
 64001 | Depths:4 | Reached skill level 5 in Armour
 64138 | Depths:4 | Found a gate to the Realm of Zot.
 64157 | Depths:4 | Got a midnight gem with 1278 turns to spare
 64159 | Zot:1    | Entered Level 1 of the Realm of Zot
 64362 | Zot:2    | Reached skill level 26 in Invocations
 64626 | Zot:2    | HP: 4/275 [titan/the air (16)]
 64931 | Zot:3    | Found a runed translucent gate.
 64931 | Zot:3    | Found a runed translucent gate.
 64931 | Zot:3    | Found an ancient bone altar of Kikubaaqudgha.
 64931 | Zot:3    | Found a runed translucent gate.
 64949 | Zot:3    | Noticed a dread lich
 64949 | Zot:3    | Noticed an ancient lich
 64949 | Zot:3    | Noticed Heoriaro's ghost (legendary GnFi)
 64950 | Zot:3    | Noticed an ancient lich
 64950 | Zot:3    | Noticed an ancient lich
 65047 | Zot:4    | Received a gift from Nemelex Xobeh
 65050 | Zot:5    | Entered Level 5 of the Realm of Zot
 65053 | Zot:5    | Noticed an orb of fire
 65054 | Zot:5    | Gained mutation: You are vulnerable to heat. (rF-) [an orb
                  | of fire]
 65054 | Zot:5    | Gained mutation: You are weak. (Str -2) [an orb of fire]
 65062 | Zot:5    | Gained mutation: Your spells are a little easier to cast,
                  | but a little less powerful. [an orb of fire]
 65067 | Zot:5    | Killed an orb of fire
 65093 | Zot:5    | Reached XP level 26. HP: 272/286 MP: 40/40
 65282 | Zot:5    | Identified the +6 long sword of the Sneaky Hosts {freeze,
                  | +Blink}
 65311 | Zot:5    | Reached skill level 27 in Invocations
 65388 | Zot:5    | Noticed a dread lich
 65393 | Zot:5    | Noticed an ancient lich
 65410 | Zot:5    | Killed an ancient lich
 65414 | Zot:5    | Killed a dread lich
 65440 | Zot:5    | Noticed an ancient lich
 65441 | Zot:5    | Noticed an orb of fire
 65455 | Zot:5    | Killed an ancient lich
 65465 | Zot:5    | Noticed an orb of fire
 65471 | Zot:5    | Gained mutation: Your spells are easier to cast, but less
                  | powerful. [an orb of fire]
 65473 | Zot:5    | Gained mutation: Your body sometimes deteriorates upon
                  | taking damage. [an orb of fire]
 65473 | Zot:5    | Noticed a dread lich
 65476 | Zot:5    | Gained mutation: You do not regenerate when monsters are
                  | visible. [an orb of fire]
 65477 | Zot:5    | Killed an orb of fire
 65870 | Zot:5    | Killed an orb of fire
 65875 | Zot:5    | Killed a dread lich
 65876 | Zot:5    | Reached skill level 10 in Armour
 65876 | Zot:5    | Lost mutation: You have a pair of small horns on your head.
                  | [potion of mutation]
 65876 | Zot:5    | Lost mutation: You are covered in fur. (AC +1) [potion of
                  | mutation]
 65876 | Zot:5    | Lost mutation: You do not regenerate when monsters are
                  | visible. [potion of mutation]
 65876 | Zot:5    | Gained mutation: You expend magic power (3 MP) to
                  | strengthen your wands. [potion of mutation]
 65877 | Zot:5    | Lost mutation: You passively map a small area around you.
                  | [potion of mutation]
 65877 | Zot:5    | Lost mutation: You are vulnerable to heat. (rF-) [potion of
                  | mutation]
 65877 | Zot:5    | Lost mutation: Your movements are slightly less encumbered
                  | by armour. (ER -2) [potion of mutation]
 65877 | Zot:5    | Gained mutation: You are very weak. (Str -4) [potion of
                  | mutation]
 65877 | Zot:5    | Gained mutation: You possess an exceptional clarity of
                  | mind. [potion of mutation]
 66570 | Zot:5    | Got the Orb of Zot
 66825 | Depths:4 | Gained mutation: Your body often deteriorates upon taking
                  | damage. [a cacodemon]
 67205 | D:$      | Escaped with the Orb!

Illustrated notes

Levels and vault maps discovered:
D:1:      scummos_arrival_checkerplants, layout_loops_ring, serial_shops,
          nicolae_shop_just_a_little_nook
D:2:      layout_basic, basic_ecumenical_altar
D:3:      layout_loops_cross, mainiacjoe_overflow_six_doors_small, serial_shops,
          shop, uniq_jessica
D:4:      layout_loops_corners, nemelex_spade_bored_becter,
          minmay_temple_entry_waves, amcnicky_mini_rare_corridor_liquid,
          kennysheep_generic_room_4
D:5:      layout_cave_pools, serial_shops, kennysheep_mini_moat
D:6:      layout_gridville, serial_shops, shop
D:7:      layout_loops_ring, chequers_temple_overflow_minitemple,
          chequers_garden
D:8:      layout_loops_ring, mainiacjoe_overflow_paths,
          ebering_ghost_disaster_area, nicolae_shop_dragon_depot
D:9:      layout_basic, nicolae_vehumet_radiance,
          grunt_lair_entry_orc_guard_hut, orc_0_dummy, enter_bailey_7,
          uniq_harold, uniq_gastronok
D:10:     layout_basic, mainiacjoe_overflow_tiny_flanked,
          minmay_protected_statue
D:11:     layout_big_octagon, serial_shops, shop, shop,
          nicolae_shop_getting_attention, fedhas_altar_2
D:12:     layout_cave_pools, led_xom_imps
D:13:     layout_basic, grunt_vaults_entry_fortified,
          portal_ice_cave_demonic_guard, drop_trap
D:14:     layout_loops_cross, nrook_uturn, nicolae_island_escapes,
          uniq_josephine
D:15:     hangedman_depths_entry_civil_slaughter, layout_rooms,
          dreamdust_wishing_well, minmay_circle_x
Lair:1:   layout_hall_layers, infiniplex_staircase_pool_2, lemuel_fruit_tree,
          uniq_nergalle
Lair:2:   layout_long_grid, palyth_hydra_swamp_entry, spider_nest_entry_rubble,
          gammafunk_ghost_abyssal_escape, uniq_amaemon
Lair:3:   dragon1_lemuel, layout_cave_pods, nicolae_volcano_entry_vermiform,
          st_stairs_13
Lair:4:   layout_concentric_octagons, minmay_slime_entry_oklob_enclosed,
          evilmike_ambush [evilmike_ambush_outer_corners,
          evilmike_ambush_inner_pond], infiniplex_staircase_pool
Lair:5:   evil_forest, layout_gridlike, st_stairs_12, serial_bayou_shore_a
Swamp:1:  layout_basic_swamp, hangedman_swamp_ruin_hall, uniq_nikola,
          uniq_kirke, uniq_aizul
Swamp:2:  nicolae_swamp_phyte_club, layout_falls_marsh, nicolae_swamp_big_swirl,
          uniq_mlioglotl, uniq_frances
Swamp:3:  layout_basic_swamp, nicolae_swamp_triple_paths,
          nicolae_swamp_tree_isthmus
Swamp:4:  grunt_swamp_rune_castle, layout_basic_swamp
Spider:1: layout_spider_delve, uniq_louise
Spider:2: layout_spider_delve, drop_trap
Spider:3: nicolae_spider_hilbert_zone_4 [nicolae_spider_hilbert_4_sides_2_open,
          nicolae_spider_hilbert_4_sides_1_open,
          nicolae_spider_hilbert_4_sides_1_open,
          nicolae_spider_hilbert_4_sides_1_open,
          nicolae_spider_hilbert_4_sides_1_open,
          nicolae_spider_hilbert_2_sides_1_open,
          nicolae_spider_hilbert_2_sides_1_open,
          nicolae_spider_hilbert_2_sides_1_open,
          nicolae_spider_hilbert_2_sides_1_open,
          nicolae_spider_hilbert_6_sides_1_open,
          nicolae_spider_hilbert_6_sides_1_open,
          nicolae_spider_hilbert_3_sides_1_open,
          nicolae_spider_hilbert_3_sides_1_open], guppyfry_spider_mini_1,
          uniq_agnes, uniq_roxanne
Spider:4: grunt_spider_rune_circles, uniq_mara
Slime:1:  layout_caves
Slime:2:  layout_caves
Slime:3:  layout_caves
Slime:4:  layout_caves
Slime:5:  slime_pit_nicolae_inversion
Orc:1:    layout_caves, uniq_urug
Orc:2:    pf_orc_diabolical, layout_caves, serial_shops, bzr_entry_road,
          blackcustard_rock_pile
Elf:1:    nicolae_elf_arrival_aired_out, layout_loops_corners, serial_shops,
          shop, hangedman_elven_crosses_minicolossus
Elf:2:    nicolae_elf_blades_splatter_lattice [nicolae_blade_lattice],
          layout_geoelf_octagon, basic_altar
Elf:3:    minmay_elf_hall_spiked, layout_gridlike, serial_shops, shop
Vaults:1: nicolae_vaults_little_squares_4, ontoclasm_vaults_misaligned,
          nicolae_vaults_more_shelving_1, ontoclasm_vaults_spin,
          nicolae_vaults_tangram_2, v_misc_18, vaults_room_ringed_pool,
          nicolae_vaults_mush_room, grunt_vaults_trifunnel, v_misc_2,
          nicolae_vaults_spaceships, grunt_vaults_diagonal,
          nicolae_vaults_specimen_jars, nicolae_vaults_angled_halls,
          nicolae_vaults_shelves_hall, layout_vaults_omnibox
Vaults:2: minmay_crypt_entry_necro_gods, ontoclasm_vaults_decontamination,
          nicolae_vaults_murder_corner, vaults_mumra_hexcomb,
          vaults_dpeg_emergency_exit, v_misc_27, nicolae_vaults_house_1,
          nicolae_vaults_house_1, nicolae_vaults_double_plus_1,
          layout_vaults_omnigrid, serial_shops, nicolae_diamond_shop
Vaults:3: hangedman_vaults_impose, nicolae_vaults_offset_grid_hallway_1,
          nicolae_vaults_little_squares_3,
          vaults_standard_mumra_enter_the_diamond, vaults_mumra_hex,
          nicolae_vaults_hexular_roomagon, nicolae_vaults_offset_grid_hallway_3,
          nicolae_vaults_triangles, vaults_room_grid, v_misc_27,
          nicolae_vaults_heart-shaped_vault, nicolae_vaults_diamond_1,
          layout_vaults_big_cross
Vaults:4: v_misc_14, nicolae_vaults_shrinking_rooms_2, vaults_dpeg_diagonal,
          nicolae_vaults_variable_pillar_hall, nicolae_vaults_closet_pinwheel_3,
          grunt_vaults_focal, nicolae_vaults_network_square,
          nicolae_vaults_twisting_passages, hangedman_vaults_cutoff,
          ontoclasm_vaults_fault, hangedman_vaults_pinch, vaults_room_pools,
          nicolae_vaults_diamond_2, layout_vaults_ring
Vaults:5
Crypt:1:  minmay_guarded_unrand_sceptre_of_torment, layout_regular_city,
          grunt_crypt_arrival_guarded_gate
Crypt:2:  layout_regular_city, feat_on_display, lemuel_upstairs_altar,
          grunt_megastairs_4
Crypt:3:  cryptofortress_bobbens
Depths:1: layout_honeycomb, hell_entry, abyss_entry_crystal, old_standard_altar,
          minmay_misc_feat_doors, hangedman_glass_teeth,
          chequers_serial_rivers_large_a, kennysheep_generic_room_9,
          uniq_saint_roka
Depths:2: minmay_the_grid_triangle_9x9_rhombus_full_mashed
          [minmay_the_grid_triangle_9x9_longest,
          minmay_the_grid_triangle_9x9_skeleton,
          minmay_the_grid_triangle_9x9_alien,
          minmay_the_grid_triangle_9x9_negative_grid,
          minmay_the_grid_triangle_9x9_limited_checkers,
          minmay_the_grid_triangle_9x9_from_above,
          minmay_the_grid_triangle_9x9_shrine,
          minmay_the_grid_triangle_9x9_prize_schism], layout_cave_pools,
          enter_ziggurat_f, rand_demon_pan_entry_5,
          hangedman_abyss_or_decor_slice, hangedman_coc_ice_floe,
          uniq_josephina, uniq_enchantress, uniq_grunn
Depths:3: minmay_distorted_concentric_squares, layout_twisted_cross,
          hangedman_decor_riveting, abyss_entry, hangedman_tar_grid_catacomb,
          uniq_boris
Depths:4: grunt_zot_entry_gee_three, layout_cave_pools, hell_entry,
          hangedman_decor_points, hellmonk_okawaru_the_only_friend_you_need,
          uniq_vv
Zot:1:    layout_concentric_octagons, hangedman_zot_decor_unnerving_road,
          grunt_megastairs_1
Zot:2:    lemuel_halls_of_wrath, layout_misc_corridors,
          regret_index_zotdec_decaying_basic, regret_index_zotdec_zees,
          regret_index_zotdec_onion_hex
Zot:3:    kennysheep_oblong_rooms, layout_basic, gammafunk_ghost_crypt,
          st_small_dragon_hoard_4
Zot:4:    layout_cathedral_of_symmetry, grunt_megastairs_2, uniq_parghit
Zot:5:    layout_misc_corridors, bh_zot_ikea_curve

Skill      XL: |  1  2  3  4  5  6  7  8  9 10 11 12 13 14 15 16 17 18 19 20 21 22 23 24 25 26 |
---------------+-------------------------------------------------------------------------------+-----
Air Magic      | 2 3 |  3.9
Fighting       | 1 2 3 4 5 7 8 10 12 13 15 16 18 20 21 | 21.6
Conjurations   | 1 2 3 |  3.8
Shapeshifting  | 1 2 10 13 16 | 16.9
Alchemy        | 1 2 3 |  3.4
Short Blades   | 1 2 5 7 9 10 12 13 | 13.8
Invocations    | 1 4 6 8 11 12 13 15 18 19 20 21 24 26 27 | 27.0
Stealth        | 2 4 8 9 |  9.0
Spellcasting   | 4 |  4.0
Dodging        | 3 7 8 10 12 13 14 16 18 20 21 | 21.3
Evocations     | 6 8 11 12 14 15 16 | 16.0
Armour         | 8 11 | 11.0
Long Blades    | |  2.6
Axes           | |  0.7

Action                     |  1- 3 |  4- 6 |  7- 9 | 10-12 | 13-15 | 16-18 | 19-21 | 22-24 | 25-27 || total
---------------------------+-------+-------+-------+-------+-------+-------+-------+-------+-------++-------
  Melee: Falchion          |    45 |       |       |       |       |       |       |       |       ||    45
         Dagger            |       |    92 |   222 |   106 |       |       |       |       |       ||   420
         Punch             |       |     1 |     2 |     5 |    36 |    37 |    59 |    79 |    30 ||   249
         Touch             |       |     6 |    50 |   130 |   500 |   496 |   613 |   833 |   399 ||  3027
         Quick blade       |       |       |       |   424 |  1833 |  1884 |  2377 |  3066 |  1329 || 10913
         Headbutt          |       |       |       |       |       |       |       |       |   398 ||   398
   Cast: Shock             |    41 |    34 |     3 |     6 |     8 |     1 |     1 |    15 |    11 ||   120
         Mephitic Cloud    |       |       |     9 |    14 |    12 |       |     3 |       |     3 ||    41
 Invoke: Draw Destruction  |       |       |     3 |    10 |    28 |    10 |    10 |     9 |     8 ||    78
         Draw Escape       |       |       |     1 |       |     5 |     2 |     8 |     2 |     4 ||    22
         Draw Summoning    |       |       |       |     3 |       |     1 |     2 |       |     5 ||    11
         Stack Five        |       |       |       |       |     1 |       |       |       |       ||     1
         Deal Four         |       |       |       |       |       |     4 |     2 |     6 |     1 ||    13
         Draw Stack        |       |       |       |       |       |       |       |     2 |       ||     2
Ability: Evoke Invisibilit |       |       |       |       |     1 |     2 |     4 |     1 |     1 ||     9
  Evoke: Wand              |       |       |     5 |     4 |     1 |     2 |     2 |     5 |     1 ||    20
         Tin of tremorston |       |       |       |       |       |     2 |       |     2 |       ||     4
         Lightning rod     |       |       |       |       |       |       |       |     3 |       ||     3
         Phantom mirror    |       |       |       |       |       |       |       |       |     1 ||     1
    Use: Scroll            |     1 |     4 |    13 |    11 |     8 |     9 |     6 |    15 |     6 ||    73
         Potion            |       |       |     1 |     2 |     2 |     3 |     8 |     8 |    19 ||    43
   Stab: Confused          |       |       |     9 |    19 |     8 |       |     1 |       |     3 ||    40
         Sleeping          |       |       |       |     8 |    14 |    23 |    39 |    15 |    10 ||   109
         Distracted        |       |       |       |     2 |     9 |    11 |     5 |    17 |     2 ||    46
         Invisible         |       |       |       |       |     8 |    12 |    27 |     3 |     5 ||    55
         Held in net/web   |       |       |       |       |       |     1 |       |       |       ||     1
         Petrified         |       |       |       |       |       |       |     5 |       |       ||     5
 Armour: Robe              |    28 |    28 |       |       |       |       |       |       |       ||    56
         Ring mail         |       |    22 |    68 |       |       |       |       |       |       ||    90
         Chain mail        |       |       |    20 |       |       |       |       |       |       ||    20
         Steam dragon scal |       |       |    18 |   113 |   379 |   448 |   410 |   710 |   249 ||  2327
  Dodge: Dodged            |    32 |    30 |    75 |   106 |   487 |   678 |   753 |  1335 |   452 ||  3948
  Block: Other             |       |     9 |    68 |    73 |   188 |   251 |   265 |   400 |   128 ||  1382
         Reflection        |       |     1 |     1 |     2 |    17 |    12 |    30 |    36 |     1 ||   100
         Form:             |       |     1 |       |       |       |       |       |       |       ||     1
         Serpent           |       |     1 |       |       |       |       |       |       |       ||     1
